 Dungeon Crawl Stone Soup version 0.20-a0-876-g2c7b0bf (console) character file.

69113 itsmu the Sharpshooter (level 15, 0/108 HPs)
             Began as a Human Arcane Marksman on Mar 14, 2017.
             Was the Champion of Okawaru.
             Slain by a sixfirhy (3 damage)
             ... summoned by an orc high priest
             ... on level 2 of the Orcish Mines on Mar 15, 2017.
             The game lasted 02:11:30 (36424 turns).

itsmu the Sharpshooter (Human Arcane Marksman)     Turns: 36424, Time: 02:11:31

Health: 0/108      AC: 21    Str: 10    XL:     15   Next: 72%
Magic:  26/26      EV: 12    Int: 19    God:    Okawaru [******]
Gold:   1719       SH:  0    Dex: 15    Spells: 19/29 levels left

rFire    + . .     SeeInvis .   a - +0 arbalest
rCold    + . .     Gourm    +   R - +4 ring mail "Nesety" {Regen+ rCorr}
rNeg     + + .     Faith    .   (shield currently unavailable)
rPois    +         Spirit   .   K - +3 helmet of Failure {rN++}
rElec    +         Reflect  .   D - +2 cloak {rPois}
rCorr    +         Harm     .   H - +1 pair of gloves
MR       +++..                  M - +0 pair of boots
Stlth    ..........             G - amulet of the gourmand
Regen    0.7/turn               t - ring of protection from magic
MPRegen  0.2/turn               y - ring of protection from magic

@: confused, resistant, very slightly contaminated, hasted, very quick
A: no striking features
a: Heroism, Finesse, Renounce Religion


You were on level 2 of the Orcish Mines.
You worshipped Okawaru.
Okawaru was exalted by your worship.
You were completely stuffed.

You visited 5 branches of the dungeon, and saw 25 of its levels.
You also visited: Ossuary.

You collected 1745 gold pieces.
You spent 26 gold pieces at shops.

Inventory:

Hand Weapons
 a - a +0 arbalest (weapon)
   (You found it on level 14 of the Dungeon)
 b - the +7 lajatang of Plague {freeze, Str+4}
   (Okawaru gifted it to you on level 10 of the Dungeon)

   It has been specially enchanted to freeze those struck by it, causing extra
   injury to most foes and up to half again as much damage against particularly
   susceptible opponents.
   It can also slow down cold-blooded creatures.
   It affects your strength (+4).
 c - a +1 vampiric bardiche
   (You took it off an orc knight on level 10 of the Dungeon)
 w - a +2 dagger of venom
   (You took it off a goblin on level 2 of the Dungeon)
 Q - a +1 hand crossbow
Missiles
 d - 63 bolts (quivered)
Armour
 n - a +0 hat of intelligence
   (You took it off Gastronok on level 3 of the Lair of Beasts)
 A - a +0 large shield
   (You found it on level 4 of the Dungeon)
 D - a +2 cloak of poison resistance (worn)
   (You found it on level 12 of the Dungeon)
 H - a +1 pair of gloves (worn)
   (You found it on level 4 of the Dungeon)
 J - a scarf of cold resistance
   (Okawaru gifted it to you on level 13 of the Dungeon)
 K - the +3 helmet of Failure (worn) {rN++}
   (You found it on level 13 of the Dungeon)

   It greatly protects you from negative energy.
 M - a +0 pair of boots (worn)
   (You found it on level 5 of the Dungeon)
 R - the +4 ring mail "Nesety" (worn) {Regen+ rCorr}
   (You took it off a wight on level 7 of the Dungeon)

   It increases your rate of regeneration.
   It protects you from acid and corrosion.
Jewellery
 k - an uncursed ring of fire
   (You found it on level 2 of the Dungeon)
 m - the ring of Atymafism {*Slow rC+ Str+3 Dex+3 Stlth+}
   (You found it on level 1 of the Lair of Beasts)

   [ring of dexterity]

   It affects your strength (+3).
   It affects your dexterity (+3).
   It protects you from cold.
   It may slow you when you take damage.
   It makes you more stealthy.
 r - an uncursed amulet of magic regeneration
   (You found it on level 1 of the Dungeon)
 t - a ring of protection from magic (right hand)
   (You found it on level 3 of the Dungeon)
 y - a ring of protection from magic (left hand)
   (You found it on level 12 of the Dungeon)
 B - a +6 ring of dexterity
   (You found it on level 3 of the Dungeon)
 G - an amulet of the gourmand (around neck)
   (You found it on level 5 of the Lair of Beasts)
 N - an uncursed ring of ice {unknown}
   (You took it off a wight on level 14 of the Dungeon)
Wands
 o - a wand of flame (28/48)
   (You found it on level 3 of the Lair of Beasts)
 F - a wand of flame (14/48)
   (You found it on level 5 of the Lair of Beasts)
 O - a wand of iceblast (3/15)
   (You found it on level 6 of the Dungeon)
 S - a wand of clouds (0/9)
   (You took it off a wight on level 7 of the Dungeon)
 V - a wand of digging (0/24)
   (You found it on level 2 of the Lair of Beasts)
Scrolls
 h - 3 scrolls of magic mapping
 p - 17 scrolls of remove curse
 q - a scroll of enchant weapon
 v - 2 scrolls of identify
 z - a scroll of amnesia
 I - 2 scrolls of fog
 T - a scroll of enchant armour
Potions
 e - 2 potions of flight
 g - 2 potions of brilliance {unknown}
 i - 2 potions of ambrosia
 j - 3 potions of agility
 u - 3 potions of curing
 C - 2 potions of might {unknown}
 L - a potion of haste
 Z - a potion of magic {unknown}
Comestibles
 f - 14 bread rations
 l - 7 meat rations
 x - 15 royal jellies
 E - 6 fruits
 U - 3 chunks of flesh


   Skills:
 + Level 7.2 Fighting
 * Level 18.2 Crossbows
 + Level 6.8 Armour
 + Level 3.5 Dodging
 - Level 7.5 Spellcasting
 - Level 13.2 Hexes


You had 19 spell levels left.
You knew the following spells:

 Your Spells              Type           Power        Failure   Level  Hunger
a - Corona                Hex            ######.      1%          1    None
b - Slow                  Hex            ######..     1%          2    None
c - Cause Fear            Hex            ######....   1%          4    ###....
d - Portal Projectile     Hex/Tloc       ####..       4%          3    #......


Dungeon Overview and Level Annotations

Branches:
Dungeon (15/15)            Temple (1/1) D:7            Lair (6/6) D:9
  Swamp (0/4) Lair:4        Snake (1/4) Lair:2        Slime (0/5) Lair:5
    Orc (2/2) D:10            Elf (0/3) Orc:2        Vaults (0/5) D:13
 Depths: D:15

Altars:
Ashenzari
Cheibriados
Dithmenos
Elyvilon
Fedhas
Gozag
Hepliaklqana
Kikubaaqudgha
Makhleb
Nemelex Xobeh
Okawaru
Qazlal
Ru
Sif Muna
Trog
Uskayaw
Vehumet
Wu Jian
Xom
Yredelemnul
Zin
The Shining One
Jiyva
Lugonu

Shops:
D:4 [   D:10 =

Annotations:
D:15 Louise, Sonja


Message History

Aiming: Dig (will waste charges)
Press: ? - help, Shift-Dir - straight line, f - you Nothing appears to happen.
The sixfirhy hits you.
* * * LOW HITPOINT WARNING * * *
The sixfirhy shocks you. You resist.
* * * LOW HITPOINT WARNING * * *
Okay, then.
You are confused.
You feel invigorated. The sixfirhy hits you!
* * * LOW HITPOINT WARNING * * *
The sixfirhy shocks you. You resist.
* * * LOW HITPOINT WARNING * * *
The sixfirhy hits you but does no damage.
Unknown command.
The sixfirhy hits you.
* * * LOW HITPOINT WARNING * * *
The sixfirhy shocks you. You resist.
* * * LOW HITPOINT WARNING * * *
The sixfirhy hits you.
You die...

##################
#####M#.#..#.##.#....#
##.#..33...............
#........#.............
##.#.#..#..............
####.#4...............
#...ยง...............
##....oo.............
#....##..............
##....#...............


You could see an orc high priest, 2 sixfirhies, a red devil and an orc priest.

Vanquished Creatures
  Gastronok (Lair:3)
  An orc warlord (Orc:1)
  Josephine (Lair:4)
  A catoblepas (Lair:4)
  A hydra (shapeshifter) (D:13)
  7 hydras
  4 centaur warriors
  The ghost of grippy the Carver, a novice MiFi of Zin (D:10)
  8 two-headed ogres
  A tengu warrior (D:13)
  Urug (Orc:1)
  An orc high priest (Orc:2)
  An unseen horror (D:13)
  A deep troll (D:13)
  2 orc knights
  An orc sorcerer (Orc:1)
  A deep elf mage (D:12)
  A manticore (D:12)
  19 ugly things
  2 cyclopes
  4 centaur zombies
  4 black mambas
  A torpor snail (Lair:3)
  Maurice (Orc:1)
  A gargoyle (D:13)
  9 spiny frogs
  A centaur skeleton (D:13)
  10 komodo dragons
  A kobold demonologist (D:12)
  An efreet (D:13)
  2 rime drakes (Lair:5)
  A tyrant leech (Lair:4)
  A queen bee (Lair:3)
  11 trolls
  3 blink frogs (Lair:2)
  A raiju (shapeshifter) (D:14)
  3 hippogriffs
  Sigmund (D:3)
  3 vampires
  Grum (D:10)
  5 wraiths
  4 shadows
  4 wyverns
  4 fire bats (D:13)
  3 hogs
  22 yaks
  2 vampire mosquitoes (D:14)
  5 hungry ghosts
  2 nagas (Lair:2)
  4 wargs
  2 acid dragons
  6 water moccasins
  8 porcupines
  3 hell hounds
  2 eyes of draining
  21 orc warriors
  5 sky beasts
  3 black bears
  6 ice beasts
  A necrophage (D:13)
  3 phantoms
  16 ogres
  12 centaurs
  5 wolves
  6 crocodiles
  20 bullfrogs
  5 big kobolds
  A wyvern skeleton (D:12)
  5 scorpions
  28 killer bees
  10 wights
  2 lava snakes (D:13)
  11 crimson imps
  A bullfrog zombie (D:13)
  2 quasits
  5 hounds
  5 jellies
  10 orc priests
  19 orc wizards
  3 bullfrog skeletons
  3 iguanas
  14 worker ants
  3 hell rats (Lair:5)
  2 killer bee zombies
  A worker ant zombie (D:11)
  Robin (D:1)
  13 gnolls
  11 adders
  5 river rats (Lair:5)
  4 shadow imps
  3 adder skeletons
  An adder zombie (D:10)
  3 worms
  A leopard gecko (shapeshifter) (D:14)
  5 leopard geckos
  60 orcs
  2 giant cockroaches
  19 goblins
  9 hobgoblins
  10 jackals
  7 quokkas
  A ball python (D:4)
  3 bats
  6 frilled lizards
  A jackal skeleton (D:5)
  2 jackal zombies
  16 kobolds
  A leopard gecko skeleton (D:4)
  14 rats
  A rat zombie (D:4)
  A spectral orc (D:3)
  A fire vortex (D:13)
  A fungus (Lair:1)
622 creatures vanquished.

Vanquished Creatures (collateral kills)
  2 hell rats (Lair:4)
2 creatures vanquished.

Vanquished Creatures (others)
  Kirke (Lair:4)
  2 yaks (D:13)
  2 bushes (Lair:4)
  2 fire vortices (D:13)
  6 fungi
  4 plants
17 creatures vanquished.

Grand Total: 641 creatures vanquished

Notes
Turn   | Place    | Note
-------+----------+-------------------------------------------
     0 | D:1      | itsmu the Human Arcane Marksman began the quest for the Orb.
     0 | D:1      | Reached XP level 1. HP: 15/15 MP: 2/2
   356 | D:1      | Reached XP level 2. HP: 21/21 MP: 3/3
   360 | D:1      | Learned a level 2 spell: Slow
   934 | D:1      | Reached XP level 3. HP: 22/26 MP: 4/4
  1877 | D:2      | Reached skill level 3 in Crossbows
  2029 | D:2      | Reached XP level 4. HP: 13/33 MP: 5/5
  2520 | D:2      | Noticed Robin
  2568 | D:1      | Killed Robin
  2880 | D:2      | Reached XP level 5. HP: 20/38 MP: 6/6
  3410 | D:3      | Noticed Sigmund
  4035 | D:3      | Found a basalt altar of Yredelemnul.
  4041 | D:3      | Reached skill level 4 in Crossbows
  4246 | D:3      | Killed Sigmund
  4246 | D:3      | Reached XP level 6. HP: 34/47 MP: 7/9
  4379 | D:4      | Found a shadowy altar of Dithmenos.
  4391 | D:4      | Reached skill level 5 in Crossbows
  4391 | D:4      | Reached XP level 7. HP: 39/52 MP: 10/10
  4440 | D:4      | Found a sand-covered staircase.
  4467 | Ossuary  | Entered an ossuary
  4905 | D:4      | Found Caqingak's Armour Shop.
  5204 | D:4      | Found an ancient bone altar of Kikubaaqudgha.
  5490 | D:5      | Entered Level 5 of the Dungeon
  5584 | D:5      | Found a bloodstained altar of Trog.
  5637 | D:5      | Reached XP level 8. HP: 56/59 MP: 12/12
  5660 | D:5      | Reached skill level 6 in Crossbows
  5678 | D:5      | uh
  5706 | D:5      | Reached skill level 5 in Hexes
  5723 | D:5      | Found a burning altar of Makhleb.
  5723 | D:5      | Found a stormy altar of Qazlal.
  5723 | D:5      | Found a blossoming altar of Fedhas.
  5723 | D:5      | Found a bloodstained altar of Trog.
  5723 | D:5      | Found a hazy altar of Hepliaklqana.
  5723 | D:5      | Found a deep blue altar of Sif Muna.
  6459 | D:5      | Reached skill level 7 in Crossbows
  6496 | D:5      | Found a shimmering altar of Xom.
  6739 | D:5      | Learned a level 4 spell: Cause Fear
  6775 | D:5      | Reached XP level 9. HP: 58/64 MP: 13/13
  6947 | D:6      | Found a sacrificial altar of Ru.
  7008 | D:6      | Reached skill level 8 in Crossbows
  7757 | D:6      | Found a sparkling altar of Nemelex Xobeh.
  8117 | D:7      | Found a staircase to the Ecumenical Temple.
  8125 | Temple   | Entered the Ecumenical Temple
  8143 | Temple   | Became a worshipper of Warmaster Okawaru
  8171 | D:7      | Reached skill level 9 in Crossbows
  8223 | D:7      | Got a shimmering war axe
  8224 | D:7      | Identified the +1 war axe of Destiny {chop, Str+3} (You found it on level 7 of the Dungeon)
  9480 | D:7      | Reached skill level 10 in Crossbows
  9569 | D:7      | Reached XP level 10. HP: 61/70 MP: 12/14
  9587 | D:7      | Noticed a two-headed ogre
  9638 | D:7      | Killed a two-headed ogre
  9638 | D:7      | Reached * piety under Okawaru
  9646 | D:7      | Got an encrusted ring mail
  9829 | D:7      | Reached skill level 11 in Crossbows
  9897 | D:6      | Identified the +4 ring mail "Nesety" {Regen+ rCorr} (You took it off a wight on level 7 of the Dungeon)
  9967 | D:8      | Noticed a two-headed ogre
  9972 | D:8      | that is unfair
 10229 | D:8      | Reached ** piety under Okawaru
 10370 | D:8      | Reached skill level 1 in Armour
 10714 | D:8      | Killed a two-headed ogre
 10856 | D:8      | Found a shimmering altar of Xom.
 10902 | D:8      | Noticed a two-headed ogre
 11073 | D:7      | Killed a two-headed ogre
 11073 | D:7      | Reached *** piety under Okawaru
 11073 | D:7      | Received a gift from Okawaru
 11298 | D:8      | Learned a level 3 spell: Portal Projectile
 11331 | D:8      | Reached XP level 11. HP: 75/75 MP: 15/15
 11549 | D:7      | Received a gift from Okawaru
 11549 | D:7      | Reached skill level 12 in Crossbows
 11908 | D:9      | Found a radiant altar of Vehumet.
 11938 | D:9      | Found a white marble altar of Elyvilon.
 12066 | D:9      | Reached **** piety under Okawaru
 12202 | D:9      | Found a snail-covered altar of Cheibriados.
 12204 | D:9      | Found a snail-covered altar of Cheibriados.
 12205 | D:9      | Found a staircase to the Lair.
 12455 | D:9      | Received a gift from Okawaru
 12559 | D:9      | Noticed a purple ugly thing
 12733 | D:9      | Killed a purple ugly thing
 13015 | D:10     | Entered Level 10 of the Dungeon
 13016 | D:10     | nah.
 13108 | Lair:1   | Entered Level 1 of the Lair of Beasts
 13482 | Lair:1   | Got a transparent bone ring
 13789 | Lair:1   | Reached ***** piety under Okawaru
 13789 | Lair:1   | Received a gift from Okawaru
 14174 | Lair:2   | Noticed an eight-headed hydra
 14197 | Lair:2   | Killed an eight-headed hydra
 14197 | Lair:2   | Reached skill level 13 in Crossbows
 14197 | Lair:2   | Reached skill level 5 in Armour
 14311 | Lair:2   | Noticed a four-headed hydra
 14434 | Lair:1   | Received a gift from Okawaru
 14748 | Lair:1   | Killed a four-headed hydra
 14748 | Lair:1   | Reached skill level 10 in Hexes
 14855 | Lair:1   | i kind of needed a crossbow, oka.
 14927 | Lair:1   | Reached XP level 12. HP: 42/82 MP: 12/16
 15742 | Lair:2   | Found a staircase to the Snake Pit.
 16062 | Lair:2   | Got a fine ring mail
 16378 | Lair:2   | Reached skill level 14 in Crossbows
 16549 | Lair:2   | Identified the +1 ring mail "Zism" {rElec} (You found it on level 2 of the Lair of Beasts)
 16681 | Lair:3   | Noticed Gastronok
 16912 | Lair:3   | Killed Gastronok
 16912 | Lair:3   | Received a gift from Okawaru
 17070 | Lair:3   | Received a gift from Okawaru
 17895 | Lair:3   | Received a gift from Okawaru
 18551 | Lair:3   | Received a gift from Okawaru
 18862 | Lair:4   | Noticed an eight-headed hydra
 18891 | Lair:4   | Killed an eight-headed hydra
 18891 | Lair:4   | Received a gift from Okawaru
 18891 | Lair:4   | Reached skill level 15 in Crossbows
 18891 | Lair:4   | Reached XP level 13. HP: 87/87 MP: 4/17
 19033 | Lair:4   | Found a staircase to the Swamp.
 19362 | Lair:4   | Noticed Kirke
 19400 | Lair:4   | Noticed Josephine
 19482 | Lair:1   | Identified the ring of Atymafism {*Slow rC+ Str+3 Dex+3 Stlth+} (You found it on level 1 of the Lair of Beasts)
 19675 | D:10     | Noticed grippy's ghost (novice MiFi)
 19706 | D:10     | Killed grippy's ghost
 19706 | D:10     | Received a gift from Okawaru
 19707 | D:10     | Got a polished lajatang {god gift}
 19713 | D:9      | Identified the +7 lajatang of Plague {freeze, Str+4} (Okawaru gifted it to you on level 10 of the Dungeon)
 20080 | D:10     | Found Misoyhuv's Jewellery Emporium.
 20091 | D:10     | Bought a cursed -4 ring of slaying for 26 gold pieces
 20315 | D:10     | Found a staircase to the Orcish Mines.
 20733 | Orc:1    | Entered Level 1 of the Orcish Mines
 20859 | Orc:1    | Noticed Urug
 20997 | Orc:1    | Killed Urug
 21643 | Orc:1    | HP: 4/87 [orc sorcerer/bolt of fire (32)]
 21885 | D:11     | Noticed Grum
 22371 | D:10     | Killed Grum
 22918 | D:11     | Found an iron altar of Okawaru.
 23028 | D:12     | Received a gift from Okawaru
 23028 | D:12     | Reached skill level 16 in Crossbows
 23556 | D:12     | Received a gift from Okawaru
 24144 | D:13     | Reached skill level 5 in Spellcasting
 24820 | Lair:4   | Noticed a seven-headed hydra
 25037 | Lair:3   | Received a gift from Okawaru
 25040 | Lair:3   | why do you keep gifting me bows
 25057 | Lair:3   | that's so rude.
 25212 | Lair:4   | Killed a seven-headed hydra
 25314 | Lair:4   | Noticed a sphinx
 25701 | Lair:4   | Reached XP level 14. HP: 70/93 MP: 20/22
 26015 | Lair:4   | Killed Josephine
 26379 | Lair:4   | Killed Kirke
 26441 | Lair:4   | how
 26451 | Lair:4   | oh the manticore. lmao.
 26599 | Lair:4   | jesus
 26606 | Lair:4   | i really need a crossbow oka or i'm out.
 26648 | Lair:5   | Found a viscous altar of Jiyva.
 26651 | Lair:5   | Found a staircase to the Slime Pits.
 27491 | Lair:5   | Received a gift from Okawaru
 28040 | Lair:6   | Entered Level 6 of the Lair of Beasts
 28048 | Lair:5   | hmm.
 28161 | D:9      | Upgraded the game from 0.20-a0-871-g785f14b to 0.20-a0-876-g2c7b0bf
 28506 | D:13     | Reached skill level 17 in Crossbows
 28554 | D:13     | Reached ****** piety under Okawaru
 28554 | D:13     | Received a gift from Okawaru
 28972 | D:13     | Got a distressingly furry helmet
 29014 | D:13     | Identified the +3 helmet of Failure {rN++} (You found it on level 13 of the Dungeon)
 29322 | D:13     | Noticed an entropy weaver
 29322 | D:13     | a water nymph changed into an entropy weaver
 29327 | D:13     | an entropy weaver changed into an ice dragon
 29369 | D:13     | Noticed an entropy weaver
 29369 | D:13     | an ettin changed into an entropy weaver
 29523 | D:13     | Noticed an azure jelly
 29627 | D:13     | Reached skill level 5 in Fighting
 30054 | D:13     | Found a gate to the Vaults.
 31042 | D:14     | Reached XP level 15. HP: 98/105 MP: 23/25
 31419 | D:14     | Received a gift from Okawaru
 31523 | D:14     | omg
 31557 | D:13     | it would be good if i had a crossbow that was not a hand crossbow.
 31770 | Snake:1  | Entered Level 1 of the Snake Pit
 31917 | Snake:1  | ok this is not going very well.
 32178 | Orc:1    | Received a gift from Okawaru
 32299 | Orc:2    | Entered Level 2 of the Orcish Mines
 32590 | Orc:1    | Noticed Maurice
 32599 | Orc:1    | Killed Maurice
 32950 | Orc:2    | Found a staircase to the Elven Halls.
 33370 | Orc:2    | Noticed an orc warlord
 33644 | D:10     | this character blows.
 33838 | D:13     | Received a gift from Okawaru
 34688 | D:13     | Received a gift from Okawaru
 34866 | D:14     | Reached skill level 18 in Crossbows
 34879 | D:14     | nice.
 34880 | D:14     | k.
 34941 | D:14     | Received a gift from Okawaru
 35552 | D:14     | Received a gift from Okawaru
 35729 | D:15     | Entered Level 15 of the Dungeon
 35729 | D:15     | Noticed Sonja
 35735 | D:15     | Noticed Louise
 35735 | D:15     | ok what the heck.
 35973 | Orc:2    | Noticed an orc warlord
 36055 | Orc:1    | Killed an orc warlord
 36417 | Orc:2    | HP: 1/108 [orc high priest/divine providence (10)]
 36424 | Orc:2    | HP: 3/108 [sixfirhy[an orc high priest] (4)]
 36424 | Orc:2    | Slain by a sixfirhy

Vault maps used:
D:1:      evilmike_arrival_crescent, hex_medium
D:2:      kennysheep_big_flooded_room, uniq_robin
D:3:      yredelemnul_forgotten_temple_becter, uniq_sigmund
D:4:      kennysheep_mini_moat, enter_ossuary_3, serial_shops,
          kennysheep_little_box, nicolae_dithmenos_the_darkroom
D:5:      grunt_temple_overflow_open, basic_altar, first_bread, led_xom_imps
D:6:      lemuel_coloured_pillars_altar, marbit_many_paths, minivault_26,
          hangedman_abyss_or_decor_stagger
D:7:      minmay_temple_entry_overgrown, grunt_ogre_cave
D:8:      lemuel_doored_altar
D:9:      overflow_temple_1_default, fiery_altar_vehumet, lemuel_round_altar,
          lair_entry_dummy, basic_altar
D:10:     orc_0_dummy, serial_shops, shop_statue, kennysheep_another_room
D:11:     basic_altar, uniq_grum
D:13:     david_vaults_4, hangedman_incinerator
D:14:     kennysheep_nondescript, grunt_ministairs_11
D:15:     grunt_enter_depths_hoard, uniq_sonja, uniq_louise, uniq_nessos
Temple:   corrupted_temple
Lair:2:   guppyfry_snake_entry_garden, grunt_megastairs_2
Lair:3:   special_room, uniq_gastronok
Lair:4:   minmay_swamp_entry_worms, uniq_kirke, uniq_josephine
Lair:5:   slime_altar_1, enter_volcano_3, kennysheep_abandoned_house
Lair:6:   grunt_lair_end_beastmaster, serial_forest, infiniplex_forest_zigzag_2,
          infiniplex_forest_lined_room_3, infiniplex_forest_lined_2,
          infiniplex_forest_side_room
Snake:1:  hangedman_cross_stitches, uniq_frances
Orc:1:    uniq_urug, uniq_maurice
Orc:2:    grunt_orc_cross, bh_open_orc_temple
Ossuary:  ossuary_minmay_tomb_2a

Skill      XL: |  1  2  3  4  5  6  7  8  9 10 11 12 13 14 15 |
---------------+----------------------------------------------+-----
Fighting       | 2 3 5 7 |  7.2
Crossbows      | 3 4 5 7 10 11 13 15 16 17 18 | 18.2
Spellcasting   | 2 5 7 |  7.5
Hexes          | 4 6 7 8 10 11 12 13 | 13.2
Armour         | 3 5 6 |  6.8
Dodging        | 3 |  3.5

Action                   |  1- 3 |  4- 6 |  7- 9 | 10-12 | 13-15 || total
-------------------------+-------+-------+-------+-------+-------++-------
Melee: Club              |     5 |       |       |       |       ||     5
       Spear             |    72 |       |       |       |       ||    72
       Dagger            |    17 |    98 |   301 |   417 |   120 ||   953
       Lajatang          |       |       |       |       |   421 ||   421
       Unarmed           |       |       |       |       |    12 ||    12
       Hand crossbow     |       |       |       |       |     2 ||     2
 Fire: Hand crossbow     |    12 |    28 |   160 |   670 |  1622 ||  2492
       Arbalest          |       |       |       |       |   219 ||   219
Throw: Stone             |    17 |       |     6 |    11 |       ||    34
       Throwing net      |       |       |       |     4 |       ||     4
 Cast: Slow              |       |       |    38 |   102 |   224 ||   364
       Corona            |       |       |     4 |     7 |     6 ||    17
       Cause Fear        |       |       |     2 |    39 |   122 ||   163
       Portal Projectile |       |       |       |    13 |     7 ||    20
Evoke: Wand              |       |       |       |       |    12 ||    12
  Use: Scroll            |     4 |     7 |     2 |    16 |    11 ||    40
       Potion            |       |     1 |     1 |     8 |    11 ||    21
 Stab: Sleeping          |     2 |     4 |     4 |       |       ||    10
       Invisible         |       |       |     5 |       |       ||     5
  Eat: Chunk             |     3 |     8 |    20 |    24 |    89 ||   144
       Royal jelly       |       |       |       |     3 |       ||     3
       Meat ration       |       |       |       |     3 |     2 ||     5
       Fruit             |       |       |       |       |     2 ||     2
Armor: Robe              |    21 |    17 |    99 |     5 |       ||   142
       Ring mail         |       |       |       |   304 |   711 ||  1015
       Skin              |       |       |       |       |     6 ||     6
Dodge: Dodged            |    52 |    53 |   268 |   406 |   676 ||  1455
